 Dungeon Crawl Stone Soup version 0.31-a0-506-g3d79149578 (webtiles) character file.

Game seed: 2302424642485357237

29192 CoinPitGoblin the Nimble (level 13, -11/133 HPs)
             Began as an Octopode Shapeshifter on July 26, 2023.
             Was an Elder of Dithmenos.
             Mangled by a death yak (17 damage)
             ... on level 2 of the Lair of Beasts on Aug 9, 2023.
             The game lasted 00:45:10 (14488 turns).

CoinPitGoblin the Nimble (Octopode Shapeshifter)   Turns: 14488, Time: 00:45:11

Health: -11/133    AC: 26    Str: 14    XL:     13   Next: 43%
Magic:  0/25       EV:  2    Int: 14    God:    Dithmenos [****..]
Gold:   960        SH:  0    Dex: 30    Spells: 22/29 levels left

rFire   . . .        a - +2 short sword (speed)
rCold   + . .        z - orb {*channel}
rNeg    . . .        (helmet currently unavailable)
rPois   +            f - amulet of guardian spirit
rElec   .            l - +5 ring of evasion
rCorr   .            o - +6 ring of dexterity
SInv    +            q - ring of protection from cold
Will    .....        g - ring of wizardry
Stlth   ++++++       k - ring of wizardry
HPRegen 0.42/turn    u - +6 ring of intelligence
MPRegen 0.19/turn    F - ring of poison resistance
                     O - ring of see invisible

%: guardian spirit, wizardry (x2), channel magic (20%)
@: tree-form, wreathed by umbra
A: stationary, stasis, torment immunity, boosted hp, almost no armour,
(amphibious), 8 rings, (camouflage 1), (gelatinous body 1), (nimble swimmer 1),
(tentacles), (iridescent scales 1), agile 2, wild magic 1
a: Renounce Religion, Shadow Step


You were on level 2 of the Lair of Beasts.
You worshipped Dithmenos.
Dithmenos was greatly pleased with you.
You were a tree.
You visited 3 branches of the dungeon, and saw 17 of its levels.

You collected 960 gold pieces.

Inventory:

Hand Weapons
 a - a +2 short sword of speed (weapon)
 b - a +2 short sword of holy wrath
 s - a +3 rapier
 y - a +3 dagger
 E - a +4 short sword
Missiles
 G - 2 throwing nets
Armour
 z - an orb of energy (worn)
Jewellery
 f - an amulet of guardian spirit (around neck)
 g - a ring of wizardry (on tentacle)
 k - a ring of wizardry (on tentacle)
 l - a +5 ring of evasion (left branch)
 o - a +6 ring of dexterity (right branch)
 q - a ring of protection from cold (on tentacle)
 u - a +6 ring of intelligence (on tentacle)
 F - a ring of poison resistance (on tentacle)
 M - an amulet of faith
 O - a ring of see invisible (on tentacle)
 R - a ring of ice
Talismans
 e - a beast talisman
 I - a maw talisman
Wands
 r - a wand of roots (20)
 x - a wand of digging (7)
 H - a wand of flame (19)
 P - a wand of mindburst (8)
 Q - a wand of polymorph (3)
 S - a wand of paralysis (1)
Scrolls
 j - 3 scrolls of teleportation
 B - a scroll of enchant weapon
 D - 2 scrolls of fog
 J - 2 scrolls of immolation
 L - 2 scrolls of identify
 N - a scroll of revelation
Potions
 c - 2 potions of cancellation {unknown}
 d - a potion of berserk rage {unknown}
 h - 2 potions of invisibility
 i - a potion of magic {unknown}
 m - 5 potions of mutation
 n - 4 potions of lignification
 p - 3 potions of degeneration {unknown}
 t - a potion of curing
 v - a potion of attraction {unknown}
 A - a potion of haste {unknown}
 C - a potion of might {unknown}
 K - a potion of enlightenment {unknown}
 T - a potion of resistance {unknown}


   Skills:
 + Level 8.6 Fighting
 - Level 8.3 Short Blades
 + Level 11.3 Dodging
 + Level 6.5 Stealth
 + Level 4.8 Unarmed Combat
 * Level 8.6 Spellcasting
 * Level 10.1 Shapeshifting


You had 22 spell levels left.
You knew the following spells:

 Your Spells              Type           Power      Damage    Failure   Level
a - Passwall              Tmut/Erth      5%         N/A       14%         2
b - Swiftness             Air            7%         N/A       24%         3
c - Blink                 Tloc           14%        N/A       14%         2

Your spell library contained the following spells:

 Spells                   Type           Power      Damage    Failure   Level
 Magic Dart               Conj           28%        1d4       11%         1
 Ensorcelled Hibernation  Hex/Ice        14%        N/A       14%         2
 Scorch                   Fire           14%        2d5       14%         2
 Searing Ray              Conj           14%        2d5       14%         2
 Ignite Poison            Fire/Tmut/Pois 7%         N/A       24%         3
 Volatile Blastmotes      Fire/Tloc      14%        2d11      24%         3
 Flame Wave               Conj/Fire      7%         2d5       50%         4
 Fulminant Prism          Conj/Hex       3%         3d5       50%         4
 Iskenderun's Mystic Bla  Conj/Tloc      7%         2d4       50%         4
 Manifold Assault         Tloc           7%         N/A       50%         4
 Sticky Flame             Conj/Fire      7%         2d3       50%         4
 Summon Cactus Giant      Summ           3%         N/A       99%         6
 Ignition                 Fire           3%         3d4       100%        8


Dungeon Overview and Level Annotations

Branches:
Dungeon (13/15)            Temple (1/1) D:7            Lair (3/5) D:10
 Shoals (0/4) Lair:2          Orc (0/2) D:12
  Snake: Lair:2-3    Spider: Lair:2-3    Vaults: D:13-14

Altars:
Ashenzari
Cheibriados
Dithmenos
Elyvilon
Fedhas
Gozag
Hepliaklqana
Kikubaaqudgha
Makhleb
Nemelex Xobeh
Okawaru
Qazlal
Ru
Sif Muna
Trog
Uskayaw
Vehumet
Wu Jian
Xom
Yredelemnul
Zin
The Shining One
Jiyva

Shops:
D:8 !

Annotations:
D:3 3 runed translucent doors, Scrael's ghost, amateur DsIE
D:6 1 runed translucent door, AdnanSaban's ghost, novice GrFi
D:8 3 runed translucent doors, GordonOverkill's ghost, novice OpDe
D:10 3 runed translucent doors, AdnanSaban's ghost, journeyman GrFi


Innate Abilities, Weirdness & Mutations

You are a tree.
Your roots penetrate the ground, keeping you stationary.
You cannot be teleported.
You are immune to unholy pain and torment.
Your maximum health is greatly increased.
You cannot wear most types of armour.
((You are amphibious.))
You can wear up to eight rings at the same time.
((Your skin changes colour to match your surroundings (Stealth+).))
((Your rubbery body absorbs attacks. (AC +1, EV +1)))
((You are camouflaged when in or above water. (Stealth+)))
((You have tentacles for arms and can constrict up to eight enemies at once.))
((You are partially covered in iridescent scales. (AC +2)))
You are very agile. (Dex +8, Str/Int -2)
Your spells are a little harder to cast, but a little more powerful.


Message History

You turn into a tree.
Your roots penetrate the ground.
The death yak gores you but does no damage.
You hit the death yak but do no damage.
The death yak is severely wounded.
You barely miss the death yak.
The death yak is severely wounded.
The death yak gores you but does no damage.
You hit the death yak.
The death yak is severely wounded.
You hit the death yak but do no damage.
The death yak is severely wounded.
The death yak gores you but does no damage.
You hit the death yak but do no damage.
The death yak is severely wounded.
You hit the death yak but do no damage.
The death yak is severely wounded.
You barely miss the death yak.
The death yak is severely wounded.
Your shadow barely misses the death yak.
The death yak gores you but does no damage.
You hit the death yak.
The death yak is severely wounded.
You hit the death yak but do no damage.
The death yak is severely wounded.
The death yak gores you but does no damage.
You hit the death yak but do no damage.
The death yak is severely wounded.
Your shadow hits the death yak but does no damage.
You hit the death yak but do no damage.
The death yak is severely wounded.
You hit the death yak.
The death yak is almost dead.
The death yak gores you!
* * * LOW HITPOINT WARNING * * *
You hit the death yak but do no damage.
The death yak is almost dead.
You hit the death yak but do no damage.
The death yak is almost dead.
The death yak gores you!!
You die...

..##P..#.......................##
................................#
.................##..##.........#
...........#.P...#8..8#........#.
.......#..###......>.............
.##...#..#.###....†..............
.#.##.....####...#8..8#..........
...#.......##...Y##..##........#.
..........#..#..♣.....#........#.
..............................##.
..##.............#............#..
..##......###.....#..............
......#..##.......#..#...........
.....##...##.......###.........>.
....).....#.......## ##....?..#..
.........###......# ##########.
.........###......## ##.


You could see a death yak.

Vanquished Creatures
  Fannar (D:11)
  3 death yaks
  A boulder beetle (Lair:1)
  A tengu warrior (D:12)
  Jeremiah (D:7)
  A wizard (D:11)
  An ugly thing (D:12)
  2 manticores
  3 cyclopes
  7 elephants
  6 black mambas
  An unseen horror (D:12)
  3 cane toads
  A rime drake (Lair:2)
  An efreet (D:8)
  4 komodo dragons
  7 trolls
  A wind drake (Lair:2)
  Grinder (D:5)
  11 blink frogs
  3 dream sheep (Lair:3)
  3 shadows
  24 yaks
  A vampire (D:11)
  2 wyverns
  A basilisk (Lair:2)
  4 vampire mosquitoes (D:12)
  Menkaure (D:6)
  3 acid dragons
  5 water moccasins
  A sky beast (D:6)
  4 orc warriors
  3 black bears
  7 wolves (Lair:1)
  5 centaurs
  3 phantoms
  5 kobold brigands
  8 bullfrogs
  A gnoll sergeant (D:10)
  2 scorpions
  12 wights
  14 killer bees
  6 howler monkeys
  A jelly (D:8)
  3 orc priests
  6 hounds
  A sleepcap (D:6)
  2 iguanas (D:5)
  Terence (D:2)
  5 orc wizards
  6 gnolls
  7 adders
  2 shadow imps (D:6)
  A white imp (D:4)
  3 ufetubi
  A worm (D:2)
  3 dart slugs
  18 orcs
  5 endoplasms
  2 giant cockroaches (D:1)
  2 hobgoblins
  8 jackals
  20 kobolds
  2 quokkas (D:4)
  6 ball pythons
  2 bats
  A frilled lizard (D:3)
  4 goblins
  8 rats
295 creatures vanquished.

Notes
Turn   | Place    | Note
-------+----------+-------------------------------------------
     0 | D:1      | CoinPitGoblin the Octopode Shapeshifter began the quest for
                  | the Orb.
     0 | D:1      | Reached XP level 1. HP: 13/13 MP: 1/1
    99 | D:1      | Reached XP level 2. HP: 12/18 MP: 2/2
   266 | D:1      | Found a faded altar of an unknown god.
   716 | D:2      | Found a shimmering altar of Xom.
   736 | D:2      | Noticed Terence
   742 | D:2      | Killed Terence
   743 | D:2      | Reached XP level 3. HP: 17/23 MP: 1/3
  1409 | D:3      | Reached XP level 4. HP: 28/28 MP: 4/4
  1448 | D:3      | Found a runed translucent gate.
  1448 | D:3      | Found a runed translucent gate.
  1448 | D:3      | Noticed Scrael's ghost (amateur DsIE)
  1463 | D:3      | Found a runed translucent gate.
  1536 | D:3      | Noticed a phantom
  1543 | D:3      | Killed a phantom
  1544 | D:3      | Reached XP level 5. HP: 26/33 MP: 3/5
  1981 | D:3      | Found a white marble altar of Elyvilon.
  1988 | D:3      | Found a sparkling altar of Nemelex Xobeh.
  2061 | D:4      | Noticed a phantom
  2085 | D:3      | Killed a phantom
  2086 | D:3      | Reached skill level 5 in Shapeshifting
  2086 | D:3      | Reached XP level 6. HP: 33/38 MP: 2/6
  2222 | D:4      | Reached skill level 3 in Dodging
  2239 | D:4      | Noticed a black bear
  2245 | D:4      | Killed a black bear
  2246 | D:4      | Reached XP level 7. HP: 33/44 MP: 4/7
  2346 | D:4      | Learned a level 2 spell: Passwall
  2350 | D:4      | Learned a level 3 spell: Swiftness
  2653 | D:5      | Entered Level 5 of the Dungeon
  2744 | D:5      | Noticed Grinder
  2756 | D:5      | Killed Grinder
  2757 | D:5      | Reached skill level 1 in Spellcasting
  2757 | D:5      | Reached XP level 8. HP: 18/51 MP: 2/10
  2803 | D:4      | Gained mutation: Your spells are a little harder to cast,
                  | but a little more powerful. [potion of mutation]
  2803 | D:4      | Gained mutation: You are partially covered in iridescent
                  | scales. (AC +2) [potion of mutation]
  2803 | D:4      | Gained mutation: You are agile. (Dex +4, Str/Int -1)
                  | [potion of mutation]
  2803 | D:4      | Gained mutation: You are very agile. (Dex +8, Str/Int -2)
                  | [potion of mutation]
  2955 | D:5      | Reached skill level 4 in Dodging
  3682 | D:6      | Reached skill level 5 in Dodging
  3747 | D:6      | Found a hazy altar of Hepliaklqana.
  3818 | D:6      | Found a snail-covered altar of Cheibriados.
  3827 | D:6      | Noticed Menkaure
  3833 | D:6      | Killed Menkaure
  3914 | D:6      | Upgraded the game from 0.31-a0-358-gac0dbeb3ab to
                  | 0.31-a0-506-g3d79149578
  4007 | D:6      | Reached XP level 9. HP: 51/57 MP: 11/13
  4011 | D:6      | Learned a level 2 spell: Blink
  4174 | D:6      | Found a runed translucent door.
  4174 | D:6      | Noticed AdnanSaban's ghost (novice GrFi)
  4395 | D:7      | Noticed Jeremiah
  4534 | D:7      | Killed Jeremiah
  4535 | D:7      | Reached skill level 6 in Dodging
  5146 | D:7      | Reached skill level 7 in Dodging
  5539 | D:7      | Found a staircase to the Ecumenical Temple.
  5548 | Temple   | Entered the Ecumenical Temple
  5574 | Temple   | Became a worshipper of Dithmenos the Shadowed
  6069 | D:8      | Reached skill level 5 in Fighting
  6069 | D:8      | Reached skill level 1 in Short Blades
  6069 | D:8      | Reached XP level 10. HP: 66/66 MP: 16/16
  6138 | D:8      | Found Ytoff's Distillery.
  6202 | D:8      | Found a runed translucent gate.
  6202 | D:8      | Found a runed translucent gate.
  6279 | D:8      | Found a runed translucent gate.
  6362 | D:8      | Reached skill level 8 in Dodging
  6465 | D:8      | Noticed GordonOverkill's ghost (novice OpDe)
  6466 | D:8      | Found a viscous altar of Jiyva.
  6845 | D:8      | Identified the +3 ring mail of the Hanged Man {+Inv rPois
                  | Str+7 Slay-2}
  6860 | D:8      | Reached skill level 5 in Spellcasting
  7087 | D:9      | Reached * piety under Dithmenos
  7401 | D:9      | Found a glowing golden altar of the Shining One.
  7544 | D:9      | Reached skill level 5 in Short Blades
  7738 | D:10     | Entered Level 10 of the Dungeon
  8143 | D:10     | Reached ** piety under Dithmenos
  8377 | D:10     | Reached XP level 11. HP: 72/72 MP: 19/19
  8461 | D:10     | Found a staircase to the Lair.
  8610 | D:10     | Found an ornate altar of the Wu Jian Council.
  8715 | D:10     | Found a runed translucent gate.
  8715 | D:10     | Found a runed translucent gate.
  8716 | D:10     | Found a runed translucent gate.
  8718 | D:10     | Noticed AdnanSaban's ghost (journeyman GrFi)
  9093 | D:11     | Noticed a cyclops
  9108 | D:11     | Killed a cyclops
  9433 | D:11     | Noticed Fannar
  9615 | D:13     | Noticed a centaur warrior
  9622 | D:12     | Noticed a cyclops
  9633 | D:12     | Killed a cyclops
  9855 | D:11     | Noticed a boulder beetle
  9855 | D:11     | Noticed a manticore
  9884 | D:11     | Reached skill level 9 in Dodging
  9941 | D:11     | Killed a manticore
 10108 | D:11     | Noticed a wizard
 10125 | D:11     | Killed a wizard
 10374 | D:11     | Found a shadowy altar of Dithmenos.
 10459 | D:12     | Noticed a green ugly thing
 10474 | D:12     | Killed a green ugly thing
 10475 | D:12     | Reached skill level 1 in Stealth
 10658 | D:12     | Found a staircase to the Orcish Mines.
 10794 | D:12     | Noticed a cyclops
 10795 | D:12     | Noticed a tengu warrior
 10835 | D:12     | Killed a cyclops
 10856 | D:12     | Killed a tengu warrior
 10857 | D:12     | Reached XP level 12. HP: 49/81 MP: 13/22
 11051 | D:11     | Killed Fannar
 11165 | Lair:1   | Entered Level 1 of the Lair of Beasts
 11197 | Lair:1   | Reached *** piety under Dithmenos
 11654 | Lair:1   | Reached skill level 10 in Dodging
 12385 | Lair:2   | Noticed a boulder beetle
 12503 | Lair:1   | Killed a boulder beetle
 12610 | Lair:1   | Reached skill level 5 in Stealth
 12664 | Lair:2   | Found a staircase to the Shoals.
 12683 | Lair:2   | Reached skill level 11 in Dodging
 12728 | Lair:2   | Reached XP level 13. HP: 89/89 MP: 25/25
 13506 | Lair:3   | Reached **** piety under Dithmenos
 14258 | Lair:3   | Reached skill level 10 in Shapeshifting
 14486 | Lair:2   | HP: 6/133 [death yak (14)]
 14488 | Lair:2   | Mangled by a death yak

Illustrated notes

Levels and vault maps discovered:
D:1:      zelgadis_glass_arrival_small, layout_basic,
          chequers_ecumenical_altar_simple
D:2:      layout_loops_ring, basic_altar, kennysheep_generic_room_8,
          uniq_terence
D:3:      layout_basic, amethyst_overflow_temple_binary, gammafunk_ghost_split
D:4:      layout_rooms, minmay_close_crescents
D:5:      layout_rooms, uniq_grinder
D:6:      cheibrodos_quashed, layout_rooms, nicolae_hepliaklqana_hazy_memory,
          amcnicky_altar_gilded, gammafunk_ghost_grave, uniq_menkaure
D:7:      layout_gridville, lemuel_temple_firewalk_a, kennysheep_crisscross,
          uniq_jeremiah
D:8:      layout_loops_ring, gammafunk_ghost_ooze, serial_shops, shop,
          grunt_ministairs_10
D:9:      layout_loops_ring, nicolae_overflow_crystal_walls
D:10:     layout_loops_cross, nzn_wu_jian_council_hall, david_lair_shrubbed,
          gammafunk_ghost_spectres
D:11:     layout_irregular_city, serial_rivers, chequers_serial_rivers_large_b,
          chequers_serial_rivers_micro_a, chequers_serial_rivers_small_3,
          chequers_serial_rivers_small_3, chequers_serial_rivers_marsh,
          chequers_serial_rivers_small_b,
          nicolae_dithmenos_through_a_glass_darkly, uniq_fannar
D:12:     layout_irregular_city, orc_0_dummy, kennysheep_pointless_box,
          uniq_sonja
D:13:     layout_cave_pools
Temple:   nicolae_temple_bog_church
Lair:1:   layout_cave_pods
Lair:2:   layout_gridlike, minmay_shoals_entry_beasts, st_stairs_6
Lair:3:   layout_cave_pods, spider_nest_entry_rubble, evilmike_ambush
          [evilmike_ambush_outer_doors, evilmike_ambush_inner_basic],
          grunt_megastairs_2

Skill      XL: |  1  2  3  4  5  6  7  8  9 10 11 12 13 |
---------------+----------------------------------------+-----
Shapeshifting  | 4 5 6 7 9 10 | 10.1
Unarmed Combat | 4 |  4.8
Dodging        | 3 5 7 8 9 11 | 11.3
Fighting       | 2 3 5 7 8 |  8.6
Spellcasting   | 1 3 4 5 7 8 |  8.6
Short Blades   | 1 6 8 |  8.3
Stealth        | 2 5 6 |  6.5

Action                     |  1- 3 |  4- 6 |  7- 9 | 10-12 | 13-15 || total
---------------------------+-------+-------+-------+-------+-------++-------
  Melee: Unarmed           |    12 |       |       |       |       ||    12
         Tentacles         |    14 |    14 |    56 |   234 |    89 ||   407
         Constrict         |    13 |    10 |    55 |    71 |    11 ||   160
         Dagger            |    33 |    55 |    84 |       |       ||   172
         Punch             |     1 |     2 |     7 |    47 |    21 ||    78
         Short sword       |       |       |    81 |   709 |   219 ||  1009
         Rapier            |       |       |    42 |       |       ||    42
         Maw               |       |       |       |    54 |    81 ||   135
   Cast: Passwall          |       |       |     1 |     3 |       ||     4
         Blink             |       |       |     1 |     1 |       ||     2
         Swiftness         |       |       |       |     1 |       ||     1
  Evoke: Wand              |       |       |       |     2 |     2 ||     4
    Use: Scroll            |       |     8 |     9 |     1 |     2 ||    20
         Potion            |       |       |     1 |     2 |     9 ||    12
   Stab: Sleeping          |     7 |     1 |     7 |    13 |     4 ||    32
         Distracted        |       |       |       |     3 |     1 ||     4
 Armour: Skin              |     1 |     2 |    19 |    21 |    11 ||    54
  Dodge: Dodged            |    21 |    47 |   270 |   584 |   144 ||  1066
   Form: Beast             |     1 |       |       |     1 |       ||     2
                           |     1 |       |       |       |     1 ||     2
         Maw               |       |       |       |     2 |     1 ||     3

Table legend: (Time is in decaauts)
 A = Elapsed time spent in this place.
 B = Non-inter-level travel time spent in this place.
 C = Inter-level travel time spent in this place.
 D = Time resting spent in this place.
 E = Time spent auto-exploring this place.
 F = Levels seen in this place.
 G = Mean time per level.
                   A        B        C        D        E       F      G
               +--------+--------+--------+--------+--------+-----+--------+
         Total |  13947 |  12863 |   1084 |   1324 |   8365 |  17 |  820.4 |
       Dungeon |  10880 |  10006 |    874 |   1070 |   6462 |  13 |  836.9 |
        Temple |     43 |     27 |     16 |      0 |      0 |   1 |   43.0 |
          Lair |   3022 |   2828 |    194 |    254 |   1903 |   3 | 1007.3 |
               +--------+--------+--------+--------+--------+-----+--------+

Top non-repeatable levels by time:
     D:7: 1455 daAuts
  Lair:1: 1302 daAuts
    D:11: 1265 daAuts
  Lair:2: 1199 daAuts
    D:10: 1144 daAuts
     D:8: 959 daAuts
     D:9: 905 daAuts
     D:4: 874 daAuts
     D:6: 765 daAuts
     D:5: 752 daAuts
     D:3: 727 daAuts
     D:2: 696 daAuts
    D:12: 675 daAuts
     D:1: 657 daAuts
  Lair:3: 520 daAuts
